 Dungeon Crawl Stone Soup version 0.28-a0-861-ge64d6db94f (webtiles) character file.

Game seed: 14805989876325183083

71 meatgazer the Skirmisher (level 4, 0/37 HPs)
             Began as a Demonspawn Abyssal Knight on Nov 15, 2021.
             Was a Follower of Lugonu.
             Succumbed to an adder's poison
             ... on level 3 of the Dungeon.
             The game lasted 00:01:20 (1122 turns).

meatgazer the Skirmisher (DsAK)                     Turns: 1122, Time: 00:01:21

Health: 0/37       AC:  3    Str: 14    XL:     4   Next: 5%
Magic:  6/6        EV: 11    Int: 12    God:    Lugonu [*.....]
Gold:   17         SH:  0    Dex: 13    Spells: 3/3 levels left

rFire   . . .      SeeInvis .   a - +1 spear
rCold   . . .      Faith    .   (no shield)
rNeg    . . .      Spirit   .   b - +0 leather armour
rPois   .          Reflect  .   (no helmet)
rElec   .          Harm     .   (no cloak)
rCorr   .          Rampage  .   (no gloves)
Will    .....                   (no boots)
Stlth   +.........              (no amulet)
HPRegen 0.12/turn               (no ring)
MPRegen 0.10/turn               (no ring)

@: lethally poisoned (0 -> -1)
A: sturdy frame 2
a: Renounce Religion, Depart the Abyss


You were on level 3 of the Dungeon.
You worshipped Lugonu.
Lugonu was aware of your devotion.
You visited 1 branch of the dungeon, and saw 3 of its levels.
You visited the Abyss 1 time.

You collected 17 gold pieces.

Inventory:

Hand Weapons
 a - a +1 spear (weapon)
Armour
 b - a +0 leather armour (worn)
Scrolls
 c - a scroll of identify {unknown}
Potions
 d - a potion of degeneration {unknown}
 e - a potion of lignification {unknown}


   Skills:
 + Level 4.0 Fighting
 + Level 2.4 Polearms
 - Level 2.0 Armour
 - Level 0.9 Dodging
 + Level 3.2 Invocations


You had 3 spell levels left.
You didn't know any spells.
Your spell library contained the following spells:

 Spells                   Type           Power      Damage    Failure   Level
 Ignite Poison            Fire/Tmut/Pois 0%         N/A       69%         3
 Mephitic Cloud           Conj/Pois/Air  0%         N/A       69%         3
 Freezing Cloud           Conj/Ice/Air   0%         6-21      100%        5


Dungeon Overview and Level Annotations

Branches:
Dungeon (3/15)

Altars:

Shops:
D:1 (


Innate Abilities, Weirdness & Mutations

Your movements are less encumbered by armour. (ER -4)


Message History

Lugonu accepts your kill. The giant cockroach closely misses you.
Things that are here:
a +0 club; a kobold corpse You hit the adder.
The adder is lightly wounded.
The giant cockroach closely misses you. The adder bites you but does no damage.
You hit the adder.
The adder is moderately wounded.
The giant cockroach barely misses you. The adder closely misses you.
You hit the adder.
The adder is severely wounded.
The giant cockroach barely misses you. The adder bites you.
* * * LOW HITPOINT WARNING * * *
The giant cockroach barely misses you. The adder misses you.
You miss the adder.
The adder is severely wounded.
The giant cockroach closely misses you. The adder bites you.
* * * LOW HITPOINT WARNING * * *
You are poisoned.
The adder poisons you!
You hit the adder.
You kill the adder!
Lugonu accepts your kill.
You feel sick. The giant cockroach bites you.
* * * LOW HITPOINT WARNING * * *
Your Fighting skill increases to level 4!
You have reached level 4!
You feel clever.
You hit the giant cockroach.
The giant cockroach is severely wounded.
* * * LOW HITPOINT WARNING * * *
You feel sick. The giant cockroach barely misses you.
You closely miss the giant cockroach.
The giant cockroach is severely wounded.
* * * LOW HITPOINT WARNING * * *
You feel sick. The giant cockroach barely misses you.
You hit the giant cockroach but do no damage.
The giant cockroach is severely wounded.
You die...

........ ..
......... #.
#.#...... ..
........##.#
........[..#
#.......#.####.
###............
#.....B@..#
#...$..†..#
#......#..#
#......##.#
#......# ..#
#......# #.#
#......# ..
###+#### #..


You could see a giant cockroach.

Vanquished Creatures
  A quasit (Abyss:1)
  2 adders
  A ball python (D:1)
  A bat (D:1)
  3 endoplasms (D:1)
  2 giant cockroaches (D:1)
  3 hobgoblins (D:1)
  A quokka (D:1)
  2 frilled lizards (D:1)
  3 kobolds
  2 rats (D:1)
21 creatures vanquished.

Vanquished Creatures (others)
  3 fungi (D:2)
  A plant (D:2)
4 creatures vanquished.

Grand Total: 25 creatures vanquished

Notes
Turn   | Place    | Note
-------+----------+-------------------------------------------
     0 | Abyss:1  | meatgazer the Demonspawn Abyssal Knight began the quest for
                  | the Orb.
     0 | Abyss:1  | Reached XP level 1. HP: 18/18 MP: 2/2
     1 | Abyss:1  | Found a corrupted altar of Lugonu.
    35 | Abyss:1  | Noticed a quasit
    46 | Abyss:1  | Killed a quasit
    47 | Abyss:1  | Gained mutation: Your movements are slightly less
                  | encumbered by armour. (ER -2) [demonic ancestry]
    47 | Abyss:1  | Reached XP level 2. HP: 8/25 MP: 4/4
    47 | Abyss:1  | Gained mutation: Your movements are less encumbered by
                  | armour. (ER -4) [demonic ancestry]
    47 | Abyss:1  | Reached XP level 3. HP: 9/30 MP: 5/5
    74 | Abyss:1  | Noticed a large abomination
    76 | D:1      | Escaped the Abyss
   819 | D:1      | Found Arrov's Weapon Shoppe.
  1120 | D:3      | Reached skill level 4 in Fighting
  1120 | D:3      | Reached XP level 4. HP: 3/37 MP: 6/6
  1121 | D:3      | HP: 1/37 [poisoned by an adder]
  1122 | D:3      | Succumbed to an adder's poison

Illustrated notes

Levels and vault maps discovered:
D:1:      eino_arrival_tree_alley, layout_loops_ring, serial_shops,
          nicolae_shop_bloodbath_and_beyond, minmay_tromino_i2
D:2:      cheibrodos_helix_gallery, layout_rooms,
          shapermc_ecumenical_altar_rom_forum
D:3:      layout_basic, nicolae_hepliaklqana_hazy_memory, serial_forest,
          infiniplex_forest_straight_5, infiniplex_forest_lined_3_way,
          infiniplex_forest_lined_room_2, infiniplex_forest_straight_4,
          infiniplex_forest_clump_small, infiniplex_forest_clump_tiny,
          infiniplex_forest_lined_room_2

Skill      XL: |  1  2  3 |
---------------+----------+-----
Polearms       | 2 |  2.4
Armour         | 2 |  2.0
Invocations    | 3 |  3.2
Fighting       | 4 |  4.0
Dodging        | |  0.9

Action                   |  1- 3 |  4- 6 || total
-------------------------+-------+-------++-------
Melee: Spear             |    88 |     3 ||    91
Armor: Leather armour    |    30 |       ||    30
Dodge: Dodged            |    62 |     2 ||    64

Table legend: (Time is in decaauts)
 A = Elapsed time spent in this place.
 B = Non-inter-level travel time spent in this place.
 C = Inter-level travel time spent in this place.
 D = Time resting spent in this place.
 E = Time spent auto-exploring this place.
 F = Levels seen in this place.
 G = Mean time per level.
                   A        B        C        D        E       F      G
               +--------+--------+--------+--------+--------+-----+--------+
         Total |   1120 |   1115 |      5 |    401 |    557 |   4 |  280.0 |
       Dungeon |   1044 |   1039 |      5 |    374 |    524 |   3 |  348.0 |
         Abyss |     76 |     76 |      0 |     27 |     33 |   1 |   76.0 |
               +--------+--------+--------+--------+--------+-----+--------+

Top non-repeatable levels by time:
     D:1: 933 daAuts
     D:2: 99 daAuts
 Abyss:1: 76 daAuts
     D:3: 11 daAuts
